 Dungeon Crawl Stone Soup version 0.28-a0-1518-gbe868bca14 (webtiles) character file.

Game seed: 17896655299565156922

2464 comborobin the Covert (level 9, -7/67 (70) HPs)
             Began as a Gnoll Brigand on Jan 17, 2022.
             Was an Initiate of Cheibriados.
             Mangled by a wight (15 damage)
             ... on level 6 of the Dungeon.
             The game lasted 00:12:59 (9747 turns).

comborobin the Covert (Gnoll Brigand)               Turns: 9747, Time: 00:13:00

HP:   -7/67 (70)    AC:  7    Str: 18    XL:     9   Next: 50%
MP:   15/15         EV: 14    Int: 22    God:    Cheibriados [......]
Gold: 355           SH:  0    Dex: 14    Spells: 12/16 levels left

rFire   . . .      SeeInvis .   a - +2 halberd (elec)
rCold   . . .      Faith    .   (shield currently unavailable)
rNeg    . . .      Spirit   .   p - +1 robe of Narcissism {Will++}
rPois   .          Reflect  .   t - +0 helmet
rElec   .          Harm     .   c - +0 cloak
rCorr   .          Rampage  .   B - +1 pair of gloves
Will    ++...                   (no boots)
Stlth   ++++......              (no amulet)
HPRegen 0.21/turn               C - +6 ring of intelligence
MPRegen 0.14/turn               I - +6 ring of strength

@: brilliant, hasted, lightly drained, quick
A: fangs 1, strong nose, distributed training
a: Renounce Religion


You were on level 6 of the Dungeon.
You worshipped Cheibriados.
Cheibriados was noncommittal.
You visited 2 branches of the dungeon, and saw 8 of its levels.
You also visited: Ossuary.

You collected 355 gold pieces.

Inventory:

Hand Weapons
 a - a +2 halberd of electrocution (weapon)
 b - a +0 flail
 g - a +3 dagger
 u - a +1 whip of flaming
Missiles
 d - 10 poisoned darts (quivered)
 e - 7 curare-tipped darts
 s - 4 boomerangs
 A - 169 stones
 G - 2 atropa-tipped darts
Armour
 c - a +0 cloak (worn)
 i - an orb of mayhem
 p - the +1 robe of Narcissism (worn) {Will++}
   (You found it on level 2 of the Dungeon)

   Will:      It greatly increases your willpower.
 r - a +0 helmet
 t - a +0 helmet (worn)
 z - a +0 robe
 B - a +1 pair of gloves (worn)
Magical Staves
 j - a staff of poison
 n - a staff of conjuration
 L - a staff of cold
Jewellery
 C - a +6 ring of intelligence (left hand)
 I - a +6 ring of strength (right hand)
Wands
 H - a wand of polymorph (9)
 K - a wand of digging (4)
Scrolls
 f - 4 scrolls of amnesia
 h - a scroll of magic mapping {unknown}
 l - 3 scrolls of teleportation
 o - 2 scrolls of noise
 q - a scroll of immolation
 x - a scroll of torment
 y - 2 scrolls of identify
 E - a scroll of fear
 J - a scroll of enchant armour
 M - a scroll of blinking {unknown}
Potions
 k - 3 potions of haste
 m - a potion of might {unknown}
 v - 2 potions of heal wounds
 D - a potion of lignification
 F - a potion of curing


   Skills:
 + Level 6.3 Fighting
 + Level 6.3 Short Blades
 + Level 4.3 Long Blades
 + Level 4.3 Axes
 + Level 4.3 Maces & Flails
 + Level 4.3 Polearms
 + Level 4.3 Staves
 + Level 4.3 Slings
 + Level 4.3 Bows
 + Level 4.3 Crossbows
 + Level 6.3 Throwing
 + Level 4.3 Armour
 + Level 5.1 Dodging
 + Level 9.0 Stealth
 + Level 4.3 Shields
 + Level 4.3 Unarmed Combat
 + Level 4.3 Spellcasting
 + Level 3.5 Conjurations
 + Level 3.5 Hexes
 + Level 3.5 Summonings
 + Level 3.5 Necromancy
 + Level 3.5 Translocations
 + Level 3.5 Transmutations
 + Level 3.5 Fire Magic
 + Level 3.5 Ice Magic
 + Level 3.5 Air Magic
 + Level 3.5 Earth Magic
 + Level 3.5 Poison Magic
 + Level 4.7 Invocations
 + Level 4.3 Evocations


You had 12 spell levels left.
You knew the following spells:

 Your Spells              Type           Power      Damage    Failure   Level
a - Pain                  Necr           100%       1d9       2%          1
b - Sandblast             Erth           60%        2d14      2%          1
w - Passwall              Tmut/Erth      25%        N/A       3%          2

Your spell library contained the following spells:

 Spells                   Type           Power      Damage    Failure   Level
 Dazzling Flash           Conj/Hex       60%        N/A       8%          3
 Stone Arrow              Conj/Erth      60%        3d10      8%          3
 Agony                    Necr           30%        N/A       56%         5
 Excruciating Wounds      Necr           15%        N/A       56%         5
 Silence                  Hex/Air        15%        N/A       56%         5


Dungeon Overview and Level Annotations

Branches:
Dungeon (7/15)             Temple (1/1) D:7         Ossuary (visited)

Altars:
Ashenzari
Cheibriados
Elyvilon
Fedhas
Gozag
Hepliaklqana
Kikubaaqudgha
Makhleb
Nemelex Xobeh
Ru
Trog
Uskayaw
Yredelemnul
Zin
The Shining One

Shops:
D:1 =   D:4 *   D:6 [

Annotations:
D:4 Pikel


Innate Abilities, Weirdness & Mutations

You have very sharp teeth.
Your uncanny sense of smell can sniff out nearby items.
Your experience applies equally to all skills.


Message History

You closely miss the wight.
The wight is lightly damaged.
The wight barely misses you.
You closely miss the wight.
The wight is lightly damaged.
The wight hits you with a +0 great sword!
You hit the wight but do no damage.
The wight is lightly damaged.
The wight hits you from afar with a +4 spear.
You feel drained.
You hit the wight but do no damage. Lightning courses through the wight!!
You destroy the wight!
The wight completely misses you.
Your life force feels restored.
You hit the wight. Your bite misses the wight.
The wight is moderately damaged.
The wight hits you from afar with a +4 spear.
You feel drained.
You barely miss the wight. The wight misses you. The wight barely misses you.
The wight hits you with a +0 morningstar.
Okay, then.
As you read the scroll of teleportation, it crumbles to dust.
You feel strangely unstable.
The wight hits you from afar with a +4 spear.
The wight misses you.
You hit the wight but do no damage.
The wight is moderately damaged.
The wight barely misses you. x2
You hit the wight but do no damage. Your bite misses the wight.
The wight is moderately damaged.
The wight hits you with a +0 battleaxe!
* * * LOW HITPOINT WARNING * * *
You feel drained.
* * * LOW HITPOINT WARNING * * *
The wight hits you from afar with a +4 spear!
* * * LOW HITPOINT WARNING * * *
The wight closely misses you.
Your surroundings seem slightly different.
The wight hits you with a +0 battleaxe!
You die...

...............#####...#
.......................# ###
...#...................####.#
................<.........#.##
.........)...................#
...#..........ยง.............##
...#............###.........#
#..##.........zz###.........#
.#...#........)z@#..#######'#
##..##....)...)##..<#.#.#.#.#
###............)z...#'#'#'#.#
##.......(..###.<...#.'...'.#
##.......(..##..z...###...### ###
#........(..###.....#.'...'.###..
.........(..###.....#'#'#'####...
...........##.#.....#.#.#.'.#.)..
##..................#########....


You could see 3 wights.

Vanquished Creatures
  Menkaure (D:5)
  Edmund (D:5)
  A water moccasin (D:7)
  2 sky beasts
  3 ogres
  A necrophage (D:6)
  A centaur (D:6)
  2 lemures (D:4)
  A kobold brigand (D:6)
  5 elf skeletons (D:6)
  5 scorpions
  A wight (D:6)
  2 centaur zombies
  A centaur skeleton (D:6)
  2 hounds
  A bullfrog skeleton (D:6)
  A gnoll shaman (D:3)
  4 iguanas
  2 orc wizards (D:3)
  2 human skeletons (D:6)
  A killer bee zombie (D:6)
  8 mummies (Ossuary)
  A howler monkey zombie (D:5)
  Robin (D:3)
  5 gnolls (D:4)
  A howler monkey skeleton (D:5)
  8 adders
  A white imp (D:6)
  2 ufetubi
  An adder skeleton (D:4)
  A worm (D:2)
  4 dart slugs
  9 orcs
  7 bats
  8 endoplasms
  19 goblins
  12 hobgoblins
  8 jackals
  4 quokkas
  6 ball pythons
  6 frilled lizards
  2 hobgoblin zombies (Ossuary)
  6 kobolds
  4 kobold zombies (Ossuary)
  2 orc skeletons (D:6)
  4 orc zombies
  4 rats
174 creatures vanquished.

Notes
Turn   | Place    | Note
-------+----------+-------------------------------------------
     0 | D:1      | comborobin the Gnoll Brigand began the quest for the Orb.
     0 | D:1      | Reached XP level 1. HP: 20/20 MP: 1/1
    65 | D:1      | Reached XP level 2. HP: 19/26 MP: 2/2
   322 | D:1      | Found Jontanouh's Jewellery Emporium.
   384 | D:1      | Reached XP level 3. HP: 23/31 MP: 3/3
   760 | D:2      | Found a faded altar of an unknown god.
   968 | D:2      | Reached skill level 1 in Invocations
  1234 | D:2      | Identified the +1 robe of Narcissism {Will++}
  1374 | D:2      | Reached skill level 1 in Long Blades
  1374 | D:2      | Reached skill level 1 in Axes
  1374 | D:2      | Reached skill level 1 in Maces & Flails
  1374 | D:2      | Reached skill level 1 in Polearms
  1374 | D:2      | Reached skill level 1 in Staves
  1374 | D:2      | Reached skill level 1 in Slings
  1374 | D:2      | Reached skill level 1 in Bows
  1374 | D:2      | Reached skill level 1 in Crossbows
  1374 | D:2      | Reached skill level 1 in Armour
  1374 | D:2      | Reached skill level 1 in Shields
  1374 | D:2      | Reached skill level 1 in Unarmed Combat
  1374 | D:2      | Reached skill level 1 in Spellcasting
  1374 | D:2      | Reached skill level 1 in Evocations
  1374 | D:2      | Reached XP level 4. HP: 38/38 MP: 5/5
  2183 | D:3      | Reached skill level 1 in Conjurations
  2183 | D:3      | Reached skill level 1 in Hexes
  2183 | D:3      | Reached skill level 1 in Summonings
  2183 | D:3      | Reached skill level 1 in Necromancy
  2183 | D:3      | Reached skill level 1 in Translocations
  2183 | D:3      | Reached skill level 1 in Transmutations
  2183 | D:3      | Reached skill level 1 in Fire Magic
  2183 | D:3      | Reached skill level 1 in Ice Magic
  2183 | D:3      | Reached skill level 1 in Air Magic
  2183 | D:3      | Reached skill level 1 in Earth Magic
  2183 | D:3      | Reached skill level 1 in Poison Magic
  2771 | D:3      | Reached XP level 5. HP: 43/43 MP: 5/7
  2961 | D:3      | Noticed Robin
  2987 | D:3      | Killed Robin
  3265 | D:3      | Learned a level 1 spell: Pain
  3364 | D:3      | Reached skill level 8 in Stealth
  3928 | D:4      | Noticed a sky beast
  3944 | D:4      | Reached XP level 6. HP: 45/50 MP: 8/8
  3995 | D:3      | Killed a sky beast
  3996 | D:3      | Reached skill level 5 in Fighting
  3996 | D:3      | Reached skill level 5 in Short Blades
  3996 | D:3      | Reached skill level 5 in Throwing
  4165 | D:4      | Found Faoni's Neck Hole.
  4533 | D:3      | Learned a level 1 spell: Sandblast
  5041 | D:4      | Reached XP level 7. HP: 49/56 MP: 10/10
  6009 | D:5      | Entered Level 5 of the Dungeon
  6415 | D:5      | Found a glowing silver altar of Zin.
  6704 | D:5      | Noticed Edmund
  6754 | D:5      | Killed Edmund
  6755 | D:5      | Reached XP level 8. HP: 35/63 MP: 7/12
  6979 | D:5      | Noticed Menkaure
  7101 | D:5      | Killed Menkaure
  7352 | D:5      | Noticed Pikel
  8042 | D:6      | Learned a level 2 spell: Passwall
  8600 | D:6      | Reached XP level 9. HP: 42/69 MP: 14/14
  8602 | D:6      | Found a sand-covered staircase.
  8618 | Ossuary  | Entered an ossuary
  9484 | D:6      | Found Ramuogosu's Armour Boutique.
  9566 | D:6      | Reached skill level 5 in Dodging
  9586 | D:7      | Found a staircase to the Ecumenical Temple.
  9595 | D:7      | Reached skill level 9 in Stealth
  9607 | Temple   | Entered the Ecumenical Temple
  9668 | Temple   | Became a worshipper of Cheibriados the Contemplative
  9747 | D:6      | Mangled by a wight

Illustrated notes

Levels and vault maps discovered:
D:1:      dpeg_arrival_leaves_temple_mockup, layout_rooms, serial_shops, shop,
          chequers_garden
D:2:      layout_basic, serial_forest, infiniplex_forest_lined_1,
          infiniplex_forest_lined_room_, infiniplex_forest_corner_1,
          infiniplex_forest_lined_1, infiniplex_forest_straight_2,
          infiniplex_forest_zigzag_2, infiniplex_forest_corner_1,
          infiniplex_forest_lined_2, basic_ecumenical_altar,
          corexii_hall_statues_u, kennysheep_generic_room_16
D:3:      layout_loops_corners, chequers_serial_rivers_small_3,
          minmay_close_crescents, uniq_robin
D:4:      layout_basic, nicolae_shop_sticking_my_neck_out
D:5:      layout_loops_cross, old_standard_altar, corexii_checkpoint_a,
          uniq_pikel, uniq_edmund, uniq_menkaure
D:6:      layout_cave_pools, serial_column_ruins, column_ruins_open_large,
          column_ruins_columns_straight, column_ruins_corridor_straight,
          nicolae_ossuary_entry_catacombs, serial_shops,
          nicolae_shop_waterfront, minmay_bent
D:7:      layout_cave_pods, nicolae_wu_jian_immortal_techniques,
          temple_fountains, roderic_batcave, nicolae_shop_clearance
Temple:   mainiacjoe_temple_coin_purse

Skill      XL: |  1  2  3  4  5  6  7  8  9 |
---------------+----------------------------+-----
Invocations    | 1 2 3 4 |  4.7
Long Blades    | 1 2 3 4 |  4.3
Axes           | 1 2 3 4 |  4.3
Maces & Flails | 1 2 3 4 |  4.3
Polearms       | 1 2 3 4 |  4.3
Staves         | 1 2 3 4 |  4.3
Slings         | 1 2 3 4 |  4.3
Bows           | 1 2 3 4 |  4.3
Crossbows      | 1 2 3 4 |  4.3
Armour         | 1 2 3 4 |  4.3
Shields        | 1 2 3 4 |  4.3
Unarmed Combat | 1 2 3 4 |  4.3
Spellcasting   | 1 2 3 4 |  4.3
Evocations     | 1 2 3 4 |  4.3
Conjurations   | 1 2 3 |  3.5
Hexes          | 1 2 3 |  3.5
Summonings     | 1 2 3 |  3.5
Necromancy     | 1 2 3 |  3.5
Translocations | 1 2 3 |  3.5
Transmutations | 1 2 3 |  3.5
Fire Magic     | 1 2 3 |  3.5
Ice Magic      | 1 2 3 |  3.5
Air Magic      | 1 2 3 |  3.5
Earth Magic    | 1 2 3 |  3.5
Poison Magic   | 1 2 3 |  3.5
Dodging        | 3 4 5 |  5.1
Stealth        | 8 9 |  9.0
Fighting       | 5 6 |  6.3
Short Blades   | 5 6 |  6.3
Throwing       | 5 6 |  6.3

Action                   |  1- 3 |  4- 6 |  7- 9 || total
-------------------------+-------+-------+-------++-------
Melee: Dagger            |   108 |   184 |   103 ||   395
       Bite              |    10 |    21 |    26 ||    57
       Punch             |       |     4 |     3 ||     7
       Unarmed           |       |    43 |       ||    43
       Whip              |       |    17 |       ||    17
       Halberd           |       |       |   148 ||   148
Throw: Dart              |       |    13 |    38 ||    51
 Cast: Pain              |       |     6 |     4 ||    10
       Sandblast         |       |       |    50 ||    50
Evoke: Wand              |       |       |     3 ||     3
  Use: Potion            |       |     3 |     3 ||     6
       Scroll            |       |     1 |    13 ||    14
 Stab: Sleeping          |     3 |     8 |    13 ||    24
       Distracted        |       |     1 |       ||     1
Armor: Robe              |    32 |    49 |    68 ||   149
       Skin              |       |    16 |       ||    16
Dodge: Dodged            |    63 |   128 |   174 ||   365

Table legend: (Time is in decaauts)
 A = Elapsed time spent in this place.
 B = Non-inter-level travel time spent in this place.
 C = Inter-level travel time spent in this place.
 D = Time resting spent in this place.
 E = Time spent auto-exploring this place.
 F = Levels seen in this place.
 G = Mean time per level.
                   A        B        C        D        E       F      G
               +--------+--------+--------+--------+--------+-----+--------+
         Total |   9713 |   9147 |    566 |   2200 |   4923 |   9 | 1079.2 |
       Dungeon |   9214 |   8663 |    551 |   2156 |   4655 |   7 | 1316.3 |
        Temple |     76 |     62 |     14 |      0 |     40 |   1 |   76.0 |
       Ossuary |    422 |    422 |      0 |     44 |    228 |   1 |  422.0 |
               +--------+--------+--------+--------+--------+-----+--------+

Top non-repeatable levels by time:
     D:3: 2479 daAuts
     D:4: 1776 daAuts
     D:5: 1486 daAuts
     D:2: 1467 daAuts
     D:6: 1233 daAuts
     D:1: 737 daAuts
 Ossuary: 422 daAuts
  Temple: 76 daAuts
     D:7: 33 daAuts
